Map: Disco Bloodbath LE

Players

Mez - Winner!

  • Race: Terran Terran
  • League: Master
  • Spawn Location: 3:00

Solaufein

  • Race: Protoss Protoss
  • League: Diamond
  • Spawn Location: 9:00

VOD

Have the link to the VOD?

Description

Time

  • Played on: Sept. 2, 2019, 6:13 a.m.
  • Length: 12:53
Show
View Real Time Build Order
Export as new Build Order

Mez Terran - Winner!

Build Orders: Reaper Expand 

Get SALT Encoding   

  12  0:01  SCV  
  13  0:13  SCV  
  14  0:17  Supply Depot  
  14  0:25  SCV  
  15  0:38  SCV  
  15  0:40  Barracks  
  16  0:45  Refinery  
  16  0:50  SCV  
  17  1:02  SCV  
  18  1:15  SCV  
  19  1:28  Orbital Command, Reaper  
  20  1:42  Command Center  
  20  1:54  SCV  
  20  1:58  Supply Depot  
  20  2:00  Marine  
  22  2:06  SCV  
  23  2:17  Bunker  
  23  2:19  Barracks Reactor, SCV  
  24  2:32  Command Center  
  24  2:39  SCV  
  25  2:46  Factory  
  25  2:53  SCV  
  25  2:55  Orbital Command  
  26  2:59  Refinery  
  26  3:02  Marine x2  
  28  3:10  SCV  
  29  3:20  Marine x2  
  29  3:22  SCV  
  29  3:24  SCV  
  33  3:31  Widow Mine  
  33  3:33  Starport  
  35  3:34  SCV  
  35  3:39  SCV  
  37  3:43  Marine x2  
  37  3:45  Orbital Command  
  37  3:46  SCV  
  40  3:53  Refinery  
  42  3:56  Widow Mine  
  42  3:57  SCV  
  42  3:58  SCV  
  44  4:08  Marine x2  
  44  4:09  SCV  
  47  4:10  Starport Tech Lab  
  47  4:11  Barracks  
  47  4:12  SCV x2  
  49  4:20  Factory Tech Lab  
  49  4:21  SCV  
  50  4:29  Barracks  
  50  4:30  Raven  
  52  4:31  Marine x2  
  52  4:32  SCV x2  
  52  4:37  SCV  
  57  4:40  Supply Depot  
  57  4:44  SCV  
  59  4:45  SCV  
  59  4:49  Refinery, SCV  
  59  4:50  Factory Reactor  
  60  4:54  Marine  
  61  5:00  Supply Depot  
  61  5:01  SCV x2, Marine  
  61  5:03  SCV  
  61  5:05  Supply Depot  
  65  5:13  SCV  
  65  5:14  Bunker, SCV  
  67  5:16  Orbital Command  
  67  5:22  Stimpack  
  67  5:23  SCV  
  68  5:29  Combat Shield  
  68  5:34  Marauder x2, Engineering Bay x2, Marine x2  
  74  5:35  Barracks  
  74  5:36  Barracks  
  74  5:41  SCV x2  
  76  5:45  Medivac x2  
  76  5:48  SCV  
  80  5:53  SCV  
  80  5:54  SCV  
  82  5:57  Factory Reactor  
  82  6:00  SCV  
  82  6:02  Marauder  
  82  6:03  Supply Depot  
  85  6:05  Supply Depot  
  85  6:11  Refinery  
  85  6:24  Marauder, Medivac x2, SCV x2  
  85  6:25  Barracks Tech Lab, Barracks Reactor  
  93  6:26  Marine x2  
  93  6:27  Marauder  
  93  6:28  SCV  
  98  6:33  Supply Depot  
  98  6:34  Supply Depot x2, Terran Infantry Armor Level 1, Terran Infantry Weapons Level 1  
  98  6:36  SCV x2  
  100  6:40  SCV  
  100  6:45  Concussive Shells  
  101  6:54  SCV x2  
  101  6:55  Widow Mine x2, Marauder  
  101  6:56  Medivac x2, SCV  
  101  6:57  Marauder x2, Marine x2  
  120  7:05  Marine x2  
  120  7:06  SCV x2  
  120  7:08  SCV  
  125  7:11  Supply Depot x2  
  125  7:14  Supply Depot  
  125  7:32  Widow Mine, Marauder x2, Marine x2  
  125  7:33  Widow Mine, Marauder, SCV x2, Marine x2  
  125  7:34  Command Center  
  141  7:46  Medivac  
  141  7:47  Ghost Academy  
  141  7:50  Marine x2  
  143  7:54  Marauder x3  
  143  8:00  Marine x2  
  143  8:01  Medivac  
  143  8:05  SCV x2  
  149  8:10  Refinery  
  149  8:12  Supply Depot x2  
  149  8:13  Supply Depot  
  149  8:14  Marine  
  149  8:15  Marauder x2, SCV  
  149  8:16  Marauder, Medivac  
  149  8:19  Armory  
  132  8:32  Marine x3  
  133  8:37  Marauder x3  
  133  8:39  Barracks  
  133  8:41  Barracks  
  139  8:42  Barracks  
  139  8:45  Marine  
  140  8:50  Marine  
  140  8:51  Enhanced Shockwaves  
  140  8:55  Orbital Command  
  141  9:03  Ghost x3  
  141  9:06  Terran Infantry Armor Level 2, Terran Infantry Weapons Level 2  
  151  9:10  Widow Mine x2  
  151  9:16  Marine x4  
  135  9:32  Ghost, Marine x2  
  135  9:34  Marine x4  
  127  9:42  Barracks Tech Lab x2, Barracks Reactor  
  121  9:47  Widow Mine x2  
  121  9:50  Marine x2  
  121  9:52  Marine x2  
  120  10:08  Widow Mine x2  
  118  10:17  Marauder x5, Marine x3  
  118  10:18  Medivac x2  
  126  10:23  Supply Depot  
  126  10:25  Starport x2  
  124  10:31  Liberator x2  
  124  10:33  Marine x3  
  124  10:35  Marine x3  
  118  10:38  Marauder, SCV x2, Marine x3  
  118  10:39  SCV x2  
  120  10:45  Marauder  
  120  10:50  SCV  
  120  10:51  Marine, SCV x3  
  120  10:56  Marauder x2  
  125  10:59  Marine  
  125  11:00  Marauder x2, Marine  
  125  11:03  SCV  
  132  11:05  Starport Reactor  
  132  11:06  Starport Tech Lab  
  132  11:07  Fusion Core  
  132  11:10  Refinery  
  132  11:11  Refinery  
  132  11:13  SCV x3  
  132  11:15  SCV  
  136  11:25  Marauder, Ghost x2, SCV x2  
  144  11:26  Marauder  
  144  11:27  Ghost  
  144  11:28  Marine x6  
  144  11:30  Widow Mine x2  
  158  11:37  Command Center  
  158  11:45  Sensor Tower, Marine  
  159  11:48  Sensor Tower  
  159  11:52  Missile Turret x2  
  159  11:54  Marine x5, Missile Turret  
  159  11:56  Marauder x4  
  172  12:16  Marauder, Marine x4  
  172  12:17  Marine x3  
  172  12:18  Marauder x2  
Show
View Real Time Build Order
Export as new Build Order

Solaufein Protoss 

Build Orders: 1 Gate Expand, Double Forge, Blink Stalkers, Chargelot Immortal 

Get SALT Encoding   

  12  0:00  Probe  
  13  0:12  Probe  
  14  0:17  Pylon  
  14  0:23  Probe  
  15  0:31  Probe  
  16  0:39  Gateway, Probe  
  16  0:46  Assimilator  
  17  0:53  Probe  
  18  1:05  Probe  
  19  1:18  Probe  
  20  1:30  Nexus  
  20  1:38  Cybernetics Core  
  20  1:41  Probe  
  20  1:44  Assimilator  
  21  1:52  Pylon  
  21  1:54  Probe  
  22  2:04  Adept  
  22  2:06  Probe  
  24  2:18  Probe  
  25  2:25  Warp Gate  
  25  2:30  Probe  
  25  2:32  Twilight Council  
  26  2:40  Stalker  
  26  2:41  Blink  
  26  2:42  Probe  
  29  2:50  Probe  
  29  2:57  Probe  
  31  2:58  Probe  
  32  3:08  Probe  
  32  3:09  Probe  
  34  3:20  Stalker  
  34  3:21  Probe x2  
  34  3:24  Pylon  
  38  3:33  Probe x2  
  40  3:45  Probe  
  40  3:46  Gateway, Probe  
  42  3:48  Gateway  
  42  3:50  Robotics Facility  
  42  3:57  Probe  
  42  3:58  Probe  
  44  4:06  Assimilator  
  44  4:09  Probe  
  45  4:10  Probe  
  45  4:14  Stalker  
  48  4:21  Probe  
  48  4:22  Probe  
  50  4:27  Pylon, Nexus  
  50  4:28  Pylon  
  50  4:33  Probe  
  51  4:43  Forge  
  51  4:44  Charge  
  51  4:46  Protoss Ground Armor Level 1  
  51  4:48  Forge  
  51  4:52  Gateway  
  51  4:54  Stalker x2  
  51  4:56  Pylon  
  51  4:57  Probe  
  51  4:58  Protoss Ground Weapons Level 1  
  51  4:59  Probe  
  57  5:04  Observer  
  57  5:09  Probe  
  57  5:12  Probe  
  60  5:18  Stalker x2  
  64  5:21  Probe  
  64  5:24  Probe  
  64  5:25  Zealot  
  64  5:26  Observer  
  69  5:33  Probe  
  70  5:44  Probe  
  70  5:45  Probe  
  70  5:48  Pylon  
  70  5:50  Probe  
  70  5:51  Zealot x4  
  70  5:56  Probe  
  80  5:57  Gateway  
  80  5:59  Gateway  
  80  6:03  Photon Cannon  
  80  6:07  Immortal  
  84  6:15  Zealot x3  
  84  6:18  Probe x3  
  92  6:22  Pylon  
  93  6:27  Protoss Ground Armor Level 2  
  93  6:33  Probe x2  
  93  6:36  Stalker x3  
  93  6:37  Protoss Ground Weapons Level 2  
  101  6:50  Observer  
  101  6:51  Immortal  
  105  6:56  Gateway  
  105  6:57  Gateway  
  105  7:00  Pylon  
  105  7:02  Stalker  
  105  7:03  Zealot  
  105  7:05  Pylon  
  109  7:18  Pylon  
  109  7:19  Pylon, Zealot  
  109  7:20  Zealot x3  
  116  7:32  Zealot x2  
  120  7:37  Immortal  
  120  7:42  Zealot x4  
  129  7:51  Zealot  
  113  7:58  Zealot  
  113  7:59  Zealot x2  
  119  8:07  Stalker x4  
  127  8:16  Warp Prism  
  99  8:32  Zealot x5  
  99  8:33  Zealot x2  
  107  8:40  Protoss Ground Armor Level 3  
  102  8:42  Zealot  
  104  8:54  Nexus  
  104  8:57  Zealot x5  
  104  8:58  Zealot x2  
  118  9:08  Protoss Ground Weapons Level 3  
  118  9:13  Stalker  
  120  9:18  Zealot x6  
  126  9:28  Zealot  
  114  9:39  Zealot x7  
  122  9:51  Immortal  
  122  9:59  Zealot x2  
  104  10:00  Zealot x5  
  108  10:08  Zealot  
  82  10:21  Zealot x3  
  82  10:22  Zealot x4  
  96  10:31  Zealot  
  96  10:33  Immortal  
  96  10:42  Zealot x6  
  88  10:52  Zealot x2  
  78  11:00  Stalker x2  
  78  11:04  Templar Archives  
  80  11:08  Stalker  
  80  11:09  Zealot, Stalker  
  80  11:10  Zealot x3  
  92  11:26  Zealot x2  
  92  11:30  Probe x2  
  98  11:33  Pylon, Stalker  
  98  11:34  Zealot  
  98  11:35  Sentry  
  98  11:36  Sentry, Stalker x2  
  110  11:46  Robotics Bay  
  110  11:48  Probe  
  110  11:53  Assimilator  
  111  11:57  Pylon  
  111  12:03  Stalker  
  111  12:04  Zealot  
  111  12:05  Zealot, Robotics Facility, Stalker x2  
  121  12:10  Immortal  
  121  12:11  Stalker  
  121  12:12  Stalker  
  129  12:26  Zealot x4  
  137  12:34  Zealot  
  119  12:38  Zealot  
  119  12:39  Zealot x2  
Tags
 
Add a new tag
Caveats
  • Supply blocks, unpowered buildings, or Contaminate may cause inaccurate times.
  • Supply counts are checked every 10 seconds.